 Dungeon Crawl Stone Soup version 0.17.0-28-g6e173f8 (webtiles) character file.

617 Felipe the Shield-Bearer (level 7, -10/54 HPs)
             Began as a Human Fighter on Nov 24, 2015.
             Was an Initiate of the Shining One.
             Mangled by an ogre
             ... wielding a +0 giant spiked club
              (26 damage)
             ... on level 5 of the Dungeon.
             The game lasted 00:22:22 (3808 turns).

Felipe the Shield-Bearer (Human Fighter)            Turns: 3808, Time: 00:22:22

Health: -10/54     AC: 10    Str: 19    XL:     7   Next: 74%
Magic:  8/8        EV:  8    Int:  8    God:    the Shining One [......]
Gold:   257        SH: 10    Dex: 17    Spells: 0 memorised, 8 levels left

rFire  . . .     SeeInvis +     u - +0 war axe
rCold  . . .     Clarity  .     b - +0 scale mail
rNeg   . . .     SustAt   .     c - +0 shield
rPois  .         Gourm    .     r - +2 hat
rElec  .         Spirit   .     v - +0 cloak
rCorr  .         Warding  .     (no gloves)
rMut   .         Stasis   .     (no boots)
MR     .....                    (no amulet)
Stlth  ..........               s - ring of see invisible
                                j - +5 ring of dexterity

@: not resistant to hostile enchantments, extremely unstealthy
A: no striking features
a: Renounce Religion


You were on level 5 of the Dungeon.
You worshipped the Shining One.
The Shining One was noncommittal.
You were not hungry.

You visited 2 branches of the dungeon, and saw 6 of its levels.

You collected 257 gold pieces.

Inventory:

Hand Weapons
 a - a +0 war axe
 u - a +0 war axe (weapon)
Missiles
 h - 164 stones (quivered)
Armour
 b - a +0 scale mail (worn)
 c - a +0 shield (worn)
 d - a +0 helmet
 r - a +2 hat (worn)
 v - a +0 cloak (worn)
 y - a +0 large shield
Jewellery
 j - a +5 ring of dexterity (left hand)
 s - a ring of see invisible (right hand)
Wands
 x - a wand of confusion (6)
Scrolls
 f - 3 scrolls of remove curse
 k - 2 scrolls of identify
Potions
 i - a potion of lignification
 m - a potion of ambrosia
 o - 3 potions of curing {unknown}
 p - a potion of haste {unknown}
 q - 2 potions of brilliance {unknown}
 A - a potion of agility {unknown}
Comestibles
 e - 6 bread rations
 g - 3 slices of pizza
 l - 3 meat rations
 t - a beef jerky
 w - 2 fruits


   Skills:
 + Level 4.2 Fighting
 * Level 4.9 Axes
 - Level 1.0 Throwing
 + Level 4.0 Armour
 - Level 1.0 Dodging
 * Level 5.1 Shields
 - Level 1.0 Spellcasting


You had 8 spell levels left.
You didn't know any spells.

Dungeon Overview and Level Annotations

Branches:
Dungeon (5/15)             Temple (1/1) D:4

Altars:
Ashenzari
Cheibriados
Dithmenos
Elyvilon
Fedhas
Gozag
Kikubaaqudgha
Makhleb
Nemelex Xobeh
Okawaru
Qazlal
Ru
Sif Muna
Trog
Vehumet
Xom
Yredelemnul
Zin
The Shining One

Shops:
D:5 }


Message History

The ogre is lightly wounded.
Throwing (i - inventory):
h - 166 stones (quivered)
Press: ? - help, Shift-Dir - straight line, f/p - big kobold
Aim: a big kobold, wielding a club You throw a stone.
The stone hits the big kobold but does no damage.
Throwing (i - inventory):
h - 165 stones (quivered)
Press: ? - help, Shift-Dir - straight line, f/p - big kobold
Aim: a big kobold, wielding a club You throw a stone.
The stone hits the ogre.
The ogre is lightly wounded.
You slash the ogre!
The ogre is heavily wounded.
The ogre hits you with a giant spiked club!!
Ouch! That really hurt!
* * * LOW HITPOINT WARNING * * *
You hit the ogre.
The ogre is heavily wounded.
The ogre hits you with a giant spiked club!!
You die...

........####.......## ##.
###.....# ##.....## ##.. ##....#
##...### #...
≈≈≈≈≈≈##...#######.#..#######...
≈≈≈≈≈≈≈##..##...................
≈≈≈≈≈≈≈≈##.#..###.....#####.....
≈≈≈≈≈≈≈≈≈##..## #.....###...#...
≈≈≈≈≈≈≈≈≈≈#.#####......(..####..
≈≈≈≈≈≈≈≈≈≈#..KO@.......#### ##.
..#≈≈≈≈≈≈≈#..####.....## ##
#...O!...'.## #.....#
#...K..(.(.# #.....#
..#≈≈≈≈≈≈≈#######.....# ###
≈≈≈≈≈≈≈≈≈≈#.........### ###..
≈≈≈≈≈≈≈≈≈≈#.........# #....
≈≈≈≈≈≈≈≈≈##.........# #....
≈≈≈≈≈≈≈≈##..........# ###..


You could see a big kobold and an ogre.

Vanquished Creatures
  An ice beast (D:4)
  A crimson imp (D:5)
  2 hounds
  2 giant frog zombies
  4 worker ants
  A killer bee zombie (D:5)
  2 hound skeletons (D:4)
  8 gnolls
  6 adders
  A shadow imp (D:3)
  2 oozes
  4 worms
  3 giant geckos
  An orc (D:4)
  7 giant cockroaches
  6 goblins
  9 hobgoblins
  4 jackals (D:3)
  6 bats
  A giant gecko skeleton (D:4)
  2 giant newts
  A jackal skeleton (D:4)
  9 kobolds
  A quokka (D:3)
  6 rats
90 creatures vanquished.

Notes
Turn   | Place    | Note
--------------------------------------------------------------
     0 | D:1      | Felipe the Human Fighter began the quest for the Orb.
     0 | D:1      | Reached XP level 1. HP: 18/18 MP: 1/1
   100 | D:1      | Reached XP level 2. HP: 24/24 MP: 3/3
   182 | D:1      | Reached skill level 1 in Spellcasting
   432 | D:1      | Reached XP level 3. HP: 29/29 MP: 4/4
   500 | D:1      | Found a sparkling altar of Nemelex Xobeh.
   818 | D:2      | Found a faded altar to an unknown god.
   949 | D:2      | Reached skill level 1 in Throwing
   953 | D:2      | Reached XP level 4. HP: 6/35 MP: 5/5
  1117 | D:2      | Reached skill level 1 in Dodging
  1117 | D:2      | Reached XP level 5. HP: 14/41 MP: 6/6
  2001 | D:3      | Reached skill level 4 in Shields
  2483 | D:3      | Reached XP level 6. HP: 45/47 MP: 7/7
  2577 | D:4      | Noticed an ice beast
  2591 | D:4      | Killed an ice beast
  2874 | D:4      | Reached XP level 7. HP: 49/53 MP: 8/8
  2926 | D:4      | Found a shadowy altar of Dithmenos.
  2935 | D:4      | Found a staircase to the Ecumenical Temple.
  2976 | Temple   | Entered the Ecumenical Temple
  3023 | Temple   | Became a worshipper of the Shining One
  3476 | D:5      | Entered Level 5 of the Dungeon
  3614 | D:5      | Found a radiant altar of Vehumet.
  3677 | D:5      | Reached skill level 5 in Shields
  3738 | D:5      | Found Faot's Gadget Shoppe.
  3808 | D:5      | Mangled by an ogre

Action                   |  1- 3 |  4- 6 |  7- 9 || total
-------------------------+-------+-------+-------++-------
Melee: War axe           |    75 |   172 |    83 ||   330
Throw: Stone             |       |    33 |     8 ||    41
  Use: Potion            |     1 |       |       ||     1
       Scroll            |       |     8 |     2 ||    10
  Eat: Chunk             |       |     6 |     4 ||    10
